Cogmind - Beta 13 @@@ ROGUE MODE // 2024.03.24 @ 19:40:52 Player: Julie Result: Destroyed by S-10 Pest with Light Assault Rifle Performance ------------- Evolutions (1) 500 Regions Visited (2) 400 Robots Destroyed (2) 10 Value Destroyed (20) 20 Prototype IDs (0) 0 Alien Tech Used (0) 0 Bonus (200) 200 TOTAL SCORE: 1130 Bonus ------- Pacifist 200 Cogmind --------- Core Integrity 0/400 Matter 208/300 Energy 100/100 System Corruption 2% Temperature Cool (0) Movement Core (100) Ox1 Location -9/Materials Parts ------- > --- POWER (1) -------- (None) > --- PROPULSION (3) --- (None) > --- UTILITY (3) ------ Small Storage Unit Power Shielding > --- WEAPON (2) ------- (None) > --- INVENTORY (8) ---- Ion Engine Aluminum Leg Aluminum Leg Large Matter Pod (0) Medium Laser Assault Rifle Heavy Assault Rifle Peak State ------------ > --- POWER ------------ Light Ion Engine > --- PROPULSION ------- Aluminum Leg Aluminum Leg Hover Unit > --- UTILITY ---------- Small Storage Unit Power Shielding > --- WEAPON ----------- EM Pulse Gun Heavy Assault Rifle > --- INVENTORY -------- Ion Engine Large Matter Pod Medium Laser Assault Rifle Mining Claw [Rating: 9] Favorites ----------- Power Light Ion Engine Engine Light Ion Engine Propulsion Aluminum Leg Leg Aluminum Leg Hover Unit Hover Unit Utility Small Storage Unit Storage Small Storage Unit Protection Power Shielding Weapon EM Pulse Gun Energy Gun EM Pulse Gun Ballistic Gun Assault Rifle Slashing Weapon Mining Claw Build | -11 -10 -9 ------- Run | Yrd Mat Mat Slots Evolved 2 | . . 2 Power . | . . . Propulsion 1 | . . 1 Utility 1 | . . 1 Weapon . | . . . Parts Attached 12 | 6 1 5 Power 1 | 1 . . Engine 1 | 1 . . Core . | . . . Reactor . | . . . Propulsion 5 | 2 . 3 Treads . | . . . Leg 2 | 2 . . Wheel . | . . . Hover 3 | . . 3 Flight . | . . . Utility 2 | 1 1 . Device . | . . . Storage 1 | 1 . . Processor . | . . . Hackware . | . . . Protection 1 | . 1 . Artifact . | . . . Weapon 4 | 2 . 2 Energy Gun 1 | 1 . . Energy Cannon . | . . . Ballistic Gun 2 | 1 . 1 Ballistic Cannon . | . . . Launcher . | . . . Special Weapon . | . . . Impact Weapon . | . . . Slashing Weapon 1 | . . 1 Piercing Weapon . | . . . Special Melee Weapon . | . . . Unidentified Prototypes . | . . . Parts Lost 6 | . . 6 Power 1 | . . 1 Propulsion 3 | . . 3 Utility . | . . . Weapon 2 | . . 2 Highest Loss Streak 6 | . . 6 To Critical Strikes . | . . . Average Slot Usage (%) 82 | . 94 65 Engine 11 | . 14 7 Leg 21 | . 28 12 Hover 2 | . . 7 Storage 12 | . 14 11 Protection 9 | . 8 11 Energy Gun 10 | . 14 6 Ballistic Gun 11 | . 14 7 Naked Turns . | . . . Heaviest Build 14 | 12 13 14 Greatest Support 20 | 20 20 20 Greatest Overweight (x) 4 | 3 . 4 Average Overweight (x) . | . . . Largest Inventory Capacity 8 | 8 8 8 Average Capacity 7 | 7 8 8 Most Carried 7 | 2 4 7 Average Carried 3 | 1 2 5 Final Capacity 8 | 8 8 8 Final Carried 7 | 2 4 7 Class Distribution -------------------- 100% | Mutant Dominant Class ---------------- Mutant | -10/Materials Mutant | -9/Materials Resources | -11 -10 -9 ----------- Run | Yrd Mat Mat Matter Collected 160 | 148 . 12 Remotely . | . . . Salvage Created 28 | . . 28 Parts 2 | . . 2 Haulers Intercepted . | . . . Recyclers Shooed . | . . . Parts Field Recycled . | . . . Retrieved Matter . | . . . Parts Self-Destructed . | . . . Prevented . | . . . Kills | -11 -10 -9 ------- Run | Yrd Mat Mat Combat Hostiles Destroyed 2 | . . 2 Melee 1 | . . 1 Guns 1 | . . 1 Classes Destroyed 1 | . . 1 Swarmer 2 | . . 2 Best Kill Streak 1 | . . 1 Combat Bots Only 1 | . . 1 Max Kills in Single Turn 1 | . . 1 Gunslinging . | . . . Exploded . | . . . Melee 1 | . . 1 Uniques/NPCs Destroyed . | . . . Combat | -11 -10 -9 -------- Run | Yrd Mat Mat Hostile Shots Fired 148 | . . 148 Missed 42 | . . 42 Damage Taken 874 | . . 874 Core 403 | . . 403 Absorbed by Shields . | . . . Redirected to Shielding 14 | . . 14 Core Remaining (%) 100 | 100 100 . Volleys Fired 2 | . . 2 Largest 2 | . . 2 Hottest 63 | . . 63 Shots Fired 4 | . . 4 Gun 4 | . . 4 Cannon . | . . . Launcher . | . . . Special . | . . . Kinetic 2 | . . 2 Thermal . | . . . Explosive . | . . . Electromagnetic 2 | . . 2 Robot Hit Streak 1 | . . 1 Robot Miss Streak 2 | . . 2 Penetration Max . | . . . Secondary Targets 1 | . . 1 Max Gunslinging Chain 1 | . . 1 Shots Hit Robots 4 | . . 4 Core Hits 2 | . . 2 Critical Kills . | . . . Critical Parts Destroyed . | . . . Critical Strikes . | . . . Melee Attacks 8 | . . 8 Impact . | . . . Slashing 8 | . . 8 Piercing . | . . . Sneak Attacks . | . . . Combat Hostiles . | . . . Follow-up Attacks . | . . . Damage Inflicted 129 | . . 129 Guns 13 | . . 13 Cannons . | . . . Explosions . | . . . Melee 70 | . . 70 Ramming 46 | . . 46 Kinetic 13 | . . 13 Thermal . | . . . Explosive . | . . . Electromagnetic . | . . . Impact . | . . . Slashing 70 | . . 70 Piercing . | . . . Highest Corruption 2 | . 1 2 Average Corruption 1 | . 1 2 Corruption Purged . | . . . Corruption Blocked . | . . . Overload Shots . | . . . Overflow Damage 16 | . . 16 Projectiles . | . . . Explosions . | . . . Melee 16 | . . 16 Knockbacks . | . . . Impact . | . . . Kinetic . | . . . Secondary . | . . . Self-Inflicted Damage 20 | . . 20 Shots . | . . . Rammed 13 | . . 13 Targets Rammed 13 | . . 13 Kicked . | . . . Crushed . | . . . Highest Temperature . | . . . Average Temperature . | . . . Received Heat Transfer 6 | . . 6 Siege Activations . | . . . Robots Corrupted . | . . . Combat Hostiles . | . . . Parts Fried . | . . . Impact Corruptions . | . . . Robots Melted . | . . . Combat Hostiles . | . . . Parts Melted . | . . . Heat Transferred . | . . . Parts Sabotaged . | . . . Parts Stolen . | . . . Parts Stripped . | . . . Power Chain Reactions . | . . . Alert | -11 -10 -9 ------- Run | Yrd Mat Mat Peak Influence 65 | . 15 65 Initial 5 | . . 5 Average 13 | . 11 23 Maximum Alert Level . | . . . Low Security (%) 100 | 100 100 100 Level 1 . | . . . Level 2 . | . . . Level 3 . | . . . Level 4 . | . . . Level 5 . | . . . High Security . | . . . Max Security . | . . . Squads Dispatched . | . . . Investigation . | . . . Extermination . | . . . Reinforcement . | . . . Assault . | . . . Garrison . | . . . Intercept . | . . . Searches Triggered . | . . . Construction Impeded . | . . . Haulers Reinforced . | . . . Active Scanning Responses . | . . . Cargo Convoy Interrupts . | . . . Stealth | -11 -10 -9 --------- Run | Yrd Mat Mat Distress Signals . | . . . Communications Jammed . | . . . Distress Signals . | . . . Times Spotted 14 | . 3 11 Peak Tracking Total 7 | . 2 7 Tactical Retreats 1 | . . 1 Traps | -11 -10 -9 ------- Run | Yrd Mat Mat Traps Triggered 1 | . 1 . Indirectly . | . . . Trap Hack Attempts . | . . . Triggered . | . . . Disarmed . | . . . Reprogrammed . | . . . Reused . | . . . Traps Extracted . | . . . Installed . | . . . Triggered . | . . . Machines | -11 -10 -9 ---------- Run | Yrd Mat Mat Machines Disabled . | . . . Max in Single Turn . | . . . Machines Repaired . | . . . Machines Dismantled . | . . . Machines Sabotaged . | . . . Overloaded Fab Kills . | . . . Hacking | -11 -10 -9 --------- Run | Yrd Mat Mat Machines Accessed . | . . . Terminals . | . . . Fabricators . | . . . Repair Stations . | . . . Recycling Units . | . . . Scanalyzers . | . . . Garrison Access . | . . . Total Hacks . | . . . Successful . | . . . Failed . | . . . Catastrophic . | . . . Database Lockouts . | . . . Manual . | . . . Terminals . | . . . Fabricators . | . . . Repair Stations . | . . . Recycling Units . | . . . Scanalyzers . | . . . Garrison Access . | . . . Terminal Hacks . | . . . Fabricator Hacks . | . . . Repair Station Hacks . | . . . Recycling Unit Hacks . | . . . Scanalyzer . | . . . Garrison Access Hacks . | . . . Unauthorized Hacks . | . . . Terminals . | . . . Fabricators . | . . . Repair Stations . | . . . Recycling Units . | . . . Scanalyzers . | . . . Garrison Access . | . . . Data Cores Recovered . | . . . Used . | . . . Hacking Detections . | . . . Full Trace Events . | . . . Feedback Events . | . . . Feedback Blocked . | . . . Robot Schematics Acquired . | . . . Robots Built . | . . . Authchips . | . . . Time . | . . . Total Robot Build Rating . | . . . Part Schematics Acquired . | . . . Parts Built . | . . . Authchips . | . . . Time . | . . . Total Part Build Rating . | . . . Parts Repaired . | . . . Time . | . . . Parts Recycled . | . . . Recycled Matter . | . . . Retrieved Matter . | . . . Retrieved Components . | . . . Parts Scanalyzed . | . . . Part Schematics Acquired . | . . . Parts Damaged . | . . . Bothacking | -11 -10 -9 ------------ Run | Yrd Mat Mat Used RIF Installer . | . . . Robots Hacked . | . . . Non-combat . | . . . Combat . | . . . Robot Hacks Applied . | . . . Relay Couplers Released . | . . . Fabnet Peak Effective % . | . . . Robots Rewired . | . . . Allies Hacked . | . . . Hacks Repelled . | . . . Allies | -11 -10 -9 -------- Run | Yrd Mat Mat Total Allies . | . . . Largest Group . | . . . Highest-Rated Group . | . . . Highest-Rated Ally . | . . . Total Orders . | . . . Ally Attacks . | . . . Total Damage . | . . . Kills . | . . . Allies Corrupted . | . . . Allies Melted . | . . . Intel | -11 -10 -9 ------- Run | Yrd Mat Mat Robot Analysis Total . | . . . Derelict Logs Recovered . | . . . Drone Launches . | . . . Drone Recoveries . | . . . Exploration | -11 -10 -9 ------------- Run | Yrd Mat Mat Turns Passed 417 | 68 202 147 Spaces Moved 292 | 48 165 79 Core 51 | 33 . 18 Treads . | . . . Legs 237 | 15 165 57 Wheels . | . . . Hover 4 | . . 4 Flight . | . . . Fastest Speed 50 | 50 120 52 Average Speed 119 | 120 120 118 Slowest Speed 250 | 200 120 250 Overloaded Moves . | . . . Propulsion Burnouts . | . . . Robots Hopped . | . . . Cave-ins Triggered . | . . . Exploration Rate (%) 13 | 3 27 9 Regions Visited 2 Branch Regions . Pre-discovered Areas . | . . . Known Exits Taken . | . . . Unknown Exits Taken 2 | 1 1 . Scrap Searched . | . . . Spaces Dug . | . . . Terrain Destroyed . | . . . Melee . | . . . Projectile . | . . . AOE . | . . . Terrain Rammed . | . . . Walls Destroyed . | . . . Machines Disabled . | . . . Actions | -11 -10 -9 --------- Run | Yrd Mat Mat Total 334 | 55 168 111 Wait 1 | . 1 . Move 290 | 47 164 79 Hop . | . . . Pick Up 5 | 2 2 1 Fast Attach 10 | 6 1 3 Attach . | . . . Detach 2 | . . 2 Swap 2 | . . 2 Drop 1 | . . 1 Fire 2 | . . 2 Melee 8 | . . 8 Ram 13 | . . 13 Kick . | . . . Crush . | . . . Escape Stasis . | . . . Rewire . | . . . Trap . | . . . Miscellaneous . | . . . Route ------- -11/Scrapyard -10/Materials -9/Materials History --------- Turn | Location | Event 22 | -11/Scrapyard | Discovered new exit (range 15) 69 | -11/Scrapyard | Entered Materials 232 | -10/Materials | Discovered new exit (range 8) 271 | -10/Materials | Entered another Materials area 271 | -9/Materials | Evolved 2 slots: Propulsion x1, Utility x1 312 | -9/Materials | Build established: Mutant 392 | -9/Materials | Core integrity fell below 50% 408 | -9/Materials | Core integrity fell below 20% 418 | -9/Materials | Destroyed by S-10 Pest with Light Assault Rifle Last Messages --------------- 00349_ Acquired Hover Unit. 00354_ EM Pulse Gun destroyed. 00359_ Acquired Hover Unit. 00360_ Lgt. Ion Engine destroyed. 00361_ S-10 Pest destroyed. 00362_ Slammed into S-10 Pest. 00367_ Destabilizing: Core damaged (-8). 00368_ Slammed into S-10 Pest. 00368_ Destabilizing: System interference. 00368_ Hvy. Assault Rifle temporarily disabled. 00369_ Slammed into S-10 Pest. 00371_ Destabilizing: System corrupted (+2). 00372_ Slammed into S-10 Pest. 00375_ Hover Unit destroyed. 00379_ Destroyed Flight Unit. 00382_ Hover Unit destroyed. 00386_ S-10 Pest destroyed. 00402_ Mining Claw destroyed. 00404_ Slammed into S-10 Pest. 00411_ K-01 Serf collects debris. Map ----- +----------------------------------------------------+ | ??????????????????????????????# """#???????????? | | ??????????????????????????????# #???????????? | | ??????????????????????????????# """#???????????? | | ??????????????????????????????# """#???????????? | | ??????????????????????????????# """#???????????? | | ??????????????????????????????# """############? | | ??????????????????????????????# """## ! #? | | ??????????????????????????????# ## #? | | ???????????????????????????#######+#### #? | | ???????????????????????????# # #? | | ??????????????????########## /[== """ #? | | ??????????????????# *# #%== """ #? | | ??????????????????# +" ###### #=* """ #? | | ??????????????????# #%" #????# # #? | | ??????????????????# #" #????# ###+#######? | | ??????????????????########## ######+#?# #??????? | | ?????????????????????# ???# # #?# #??????? | | ????????????????????## ??# # #?# #??????? | | ????????????????????# ??# # #?# #??????? | | ????????????????????# u??# + #?# #??????? | | ????????????????????# ??# # =%### #??????? | | ?????????????#???????? u??# ss# [%=/ #??????? | | ???????????### ####### ###s ############??????? | | ?????????? lg #?????????????? | | ?????????? #?????????????? | | ?????????? @ #?????????????? | | ??????????????###+######+###########?????????????? | | ?????????????????????????????????????????????????? | | ?????????????????????????????????????????????????? | | ?????????????????????????????????????????????????? | | ?????????????????????????????????????????????????? | | ?????????????????????????????????????????????????? | | ?????????????????????????????????????????????????? | | ?????????????????????????????????????????????????? | | ?????????????????????????????????????????????????? | | | | | | | | | | | | | | | | | | | | | | | | | | | | | | | +----------------------------------------------------+ Best States ------------- Heat Dissipation 28 Energy Generation 10 Energy Capacity 125 Matter Stores 208 Matter Capacity 300 Sight Range 16 Terrain Scan Density 10 Power Shielding 33 Evasion (%) 55 Item Schematics ----------------- None Robot Schematics ------------------ None Fabricated ------------ Nothing Alien Tech Used ----------------- None Achievements -------------- None Challenges ------------ None Game ------ Seed IntegratedAntimatterComputer Manual? 0 Play Time 00:05:08 Cumulative 17.5 hours Start 2024.03.24 @ 19:37:11 End 2024.03.24 @ 19:40:52 Sessions 1 Manual Loads 0 Difficulty Rogue Special Mode None Game No. 53 Rogue 53 Adventurer 0 Explorer 0 Win Type - Total 0 Types 0/0/0/0/0/0/0/0/0 Lore% 14 Gallery% 24 Achievement% 19 Wizard Run 0 Options --------- Layout 1 ASCII 0 Keyboard 1 Movement Numpad Keybinds 0 Fullscreen 2 Font 24/Terminus Map View 50x35 Zoom Use 0% Tactical HUD 1 Map Filters NONE Filters NONE Steam 1 RUN: c5a445ca-ebac-44fa-95d3-d866fe958ea1